 Dungeon Crawl Stone Soup version 0.13-a0-2368-g1f063cc (webtiles) character file.

1663 Bruce the Thaumaturge (level 8, -2/41 HPs)
             Began as a Deep Elf Fire Elementalist on July 13, 2013.
             Was an Initiate of Sif Muna.
             Slain by an ice beast (12 damage)
             ... on Level 6 of the Dungeon.
             The game lasted 00:15:58 (2801 turns).

Bruce the Thaumaturge (Deep Elf Fire Elementalist)  Turns: 2801, Time: 00:15:59

HP  -2/41        AC  4     Str  5      XL: 8   Next: 44%
MP  12/27        EV 10     Int 23      God: Sif Muna [......]
Gold 240         SH  0     Dex 15      Spells:  6 memorised,  8 levels left

Res.Fire  : . . .   See Invis. : .   l - +0 blowgun (curse)
Res.Cold  : . . .   Warding    : .   p - +0 elf leather armour (curse)
Life Prot.: . . .   Conserve   : .   (no shield)
Res.Poison: .       Res.Corr.  : .   (no helmet)
Res.Elec. : .       Clarity    : .   A - +0 orc cloak
Sust.Abil.: . .     Spirit.Shd : .   (no gloves)
Res.Mut.  : .       Stasis     : .   (no boots)
Res.Rott. : .       Flight     : .   (no amulet)
Saprovore : . . .                    (no ring)
                                     (no ring)

@: liquid flames, very slightly contaminated, glowing, somewhat resistant to
hostile enchantments, very unstealthy
A: no striking features
a: Renounce Religion


You were on level 6 of the Dungeon.
You worshipped Sif Muna.
Sif Muna was noncommittal.
You were not hungry.

You visited 2 branches of the dungeon, and saw 7 of its levels.

You collected 220 gold pieces.

Inventory:

Hand weapons
 l - a cursed +0 blowgun (weapon)
 B - a +0,+0 bow
Missiles
 m - 7 poisoned needles (quivered)
 q - 22 bolts
 C - 10 arrows
Armour
 a - a +0 elven robe
 p - a cursed +0 elven leather armour (worn)
 A - a +0 orcish cloak (worn)
Comestibles
 c - 5 bread rations
 n - 11 sultanas
 r - 3 pears
Scrolls
 f - 2 scrolls of remove curse
 i - a scroll of fog
 k - 3 scrolls of curse armour
 o - 2 scrolls of enchant weapon II {unknown}
 t - a scroll of identify
 v - a scroll of noise {unknown}
 w - a scroll of immolation {unknown}
 x - 2 scrolls of curse jewellery {unknown}
Jewellery
 y - an uncursed amulet of faith
Potions
 e - a potion of poison {unknown}
 h - a potion of restore abilities
Books
 b - a book of Flames

   Spells                             Type                      Level
   *Flame Tongue                      Conjuration/Fire             1
   *Throw Flame                       Conjuration/Fire             2
   *Conjure Flame                     Conjuration/Fire             3
   *Inner Flame                       Hexes/Fire                   3
   *Sticky Flame                      Conjuration/Fire             4
   *Fireball                          Conjuration/Fire             5


   Skills:
 - Level 2.7 Dodging
 - Level 2.4 Stealth
 * Level 9.6 Spellcasting
 + Level 5.7 Conjurations
 + Level 6.6 Fire Magic


You had 8 spell levels left.
You knew the following spells:

 Your Spells              Type           Power        Failure   Level  Hunger
a - Flame Tongue          Conj/Fire      #####        1%          1    None
b - Throw Flame           Conj/Fire      #####.       1%          2    None
c - Conjure Flame         Conj/Fire      #####...     1%          3    None
d - Sticky Flame          Conj/Fire      #####...     6%          4    ##.....
e - Fireball              Conj/Fire      #####.....   14%         5    ####...
f - Inner Flame           Hex/Fire       ####....     6%          3    None


Dungeon Overview and Level Annotations

Branches:
Dungeon (6/27)             Temple (1/1) D:6
    Orc: D:6-11

Altars:
Ashenzari
Cheibriados
Elyvilon
Fedhas
Nemelex Xobeh
Okawaru
Sif Muna
Trog
Vehumet
Xom
Yredelemnul
Zin
the Shining One

Annotations
D:5 smajdalf's ghost, average DrCj


Message History

As you read the scroll labeled CHU MEIFOECOH, it crumbles to dust.
Blink to where?
Press: ? - help, Dir - move target cursor, p - mottled dragon It was a scroll of blinking.
You open the door.
An ice beast comes into view.
Found a tourmaline ring and 9 stones.
Found a stone staircase leading down.
The ice beast hits you. The ice beast freezes you!
The mottled dragon spits sticky flame at you.
The sticky flame hits you!
You are covered in liquid flames!
There is an open door here.
A giant eyeball comes into view.
You are covered in liquid flames!
One of your 2 scrolls of identify catches fire!
* * * LOW HITPOINT WARNING * * *
The giant eyeball turns its gaze towards you.
The ice beast hits you.
* * * LOW HITPOINT WARNING * * *
The ice beast freezes you!
You die...

#$# #'# #.# ......G..
#.# ........... #.#
#.......=...# # #.#
#...........#
#####.#####...........#
).p.......'.....>.....#
#####.#####....(......#
#.# #....I@.....# ##.#
#####'####### #..# #..#
####'#### ##.#
#.......# #D# #'###...#
#####.######
....#...####..........#
#'#.#...'..#.....§§§..#
#>#.'...##......§§§§§.#


You could see an ice beast and a giant eyeball.

Vanquished Creatures
  The ghost of smajdalf the Conjurer, an experienced DrCj of Vehumet (D:6)
  A sky beast (D:6)
  4 ogres
  A black bear (D:6)
  A centaur (D:5)
  2 giant frogs (D:6)
  2 hounds (D:4)
  3 orc wizards (D:5)
  An iguana (D:6)
  2 worker ants
  3 adders
  2 worms
  An iguana zombie (D:5)
  A giant gecko (D:3)
  2 oozes
  17 orcs
  5 hobgoblins
  7 jackals
  A ball python (D:4)
  3 bats
  4 giant cockroaches
  A giant newt (D:3)
  5 goblins
  2 kobolds (D:3)
  A kobold skeleton (D:6)
  A quokka zombie (D:6)
  10 rats
84 creatures vanquished.

Vanquished Creatures (others)
  A giant newt (D:4)
  A kobold (D:6)
2 creatures vanquished.

Grand Total: 86 creatures vanquished

Notes
Turn   | Place    | Note
--------------------------------------------------------------
     0 | D:1      | Bruce, the Deep Elf Fire Elementalist, began the quest for the Orb.
     0 | D:1      | Reached XP level 1. HP: 10/10 MP: 4/4
   530 | D:3      | Reached XP level 2. HP: 15/15 MP: 1/6
   534 | D:3      | Learned a level 2 spell: Throw Flame
   612 | D:3      | Reached XP level 3. HP: 19/19 MP: 3/9
   815 | D:3      | Learned a level 3 spell: Conjure Flame
   973 | D:4      | Found a glowing golden altar of the Shining One.
  1057 | D:4      | Reached XP level 4. HP: 24/24 MP: 10/13
  1069 | D:4      | Learned a level 4 spell: Sticky Flame
  1088 | D:4      | Reached skill level 4 in Fire Magic
  1228 | D:4      | Found a snail-covered altar of Cheibriados.
  1229 | D:4      | Found a sparkling altar of Nemelex Xobeh.
  1231 | D:4      | Found a basalt altar of Yredelemnul.
  1300 | D:4      | Noticed an ogre
  1312 | D:4      | Killed an ogre
  1312 | D:4      | Reached skill level 5 in Spellcasting
  1312 | D:4      | Reached XP level 5. HP: 28/28 MP: 10/18
  1340 | D:5      | Entered Level 5 of the Dungeon
  1413 | D:5      | Noticed an ogre
  1426 | D:5      | Killed an ogre
  1426 | D:5      | Reached XP level 6. HP: 32/32 MP: 13/20
  1470 | D:5      | Noticed a centaur
  1477 | D:5      | Killed a centaur
  1477 | D:5      | Reached skill level 6 in Spellcasting
  1626 | D:5      | Reached skill level 5 in Fire Magic
  1663 | D:5      | Noticed an ogre
  1672 | D:5      | Killed an ogre
  1741 | D:5      | Reached XP level 7. HP: 30/36 MP: 18/23
  1766 | D:5      | Noticed smajdalf's ghost (average DrCj)
  2169 | D:6      | Reached skill level 7 in Spellcasting
  2179 | D:6      | Learned a level 5 spell: Fireball
  2183 | D:6      | Learned a level 3 spell: Inner Flame
  2212 | D:6      | Reached skill level 8 in Spellcasting
  2262 | D:6      | Noticed smajdalf's ghost (experienced DrCj)
  2318 | D:6      | Found a radiant altar of Vehumet.
  2356 | D:6      | Reached skill level 5 in Conjurations
  2421 | D:6      | Reached XP level 8. HP: 37/41 MP: 24/26
  2566 | D:6      | Killed smajdalf's ghost
  2566 | D:6      | Reached skill level 9 in Spellcasting
  2597 | D:6      | Found a staircase to the Ecumenical Temple.
  2608 | Temple   | Entered the Ecumenical Temple
  2694 | Temple   | Became a worshipper of Sif Muna the Loreminder
  2781 | D:6      | Noticed a mottled dragon
  2801 | D:6      | Slain by an ice beast

Action                   |  1- 3 |  4- 6 |  7- 9 || total
-------------------------+-------+-------+-------++-------
Melee: Unarmed           |     4 |       |       ||     4
 Fire: Blowgun           |    32 |     8 |     9 ||    49
 Cast: Flame Tongue      |    49 |    41 |    66 ||   156
       Sticky Flame      |       |     4 |     3 ||     7
       Throw Flame       |       |     4 |     6 ||    10
       Conjure Flame     |       |     2 |     3 ||     5
       Fireball          |       |       |     3 ||     3
       Inner Flame       |       |       |     1 ||     1
  Use: Scroll            |     1 |     3 |     7 ||    11
       Potion            |       |       |     8 ||     8
